 Dungeon Crawl Stone Soup version 0.23.2-33-g5129a83184 (webtiles) character file.

Game seed: 9237660861503078520

5108 t4s4d4r the Cleaver (level 10, -6/85 (86) HPs)
             Began as a White Draconian Skald on July 14, 2019.
             Was a Priest of Qazlal.
             Killed from afar by Erica (24 damage)
             ... with a bolt of poison
             ... on level 9 of the Dungeon.
             The game lasted 00:22:42 (12072 turns).

t4s4d4r the Cleaver (White Draconian Skald)        Turns: 12072, Time: 00:22:42

HP:   -6/85 (86)    AC:  8    Str: 13    XL:     10   Next: 32%
MP:   25/25         EV: 14    Int: 17    God:    Qazlal [***...]
Gold: 339           SH:  4    Dex: 11    Spells: 4/17 levels left

rFire    . . .     SeeInvis .   y - +0 war axe (freeze)
rCold    + . .     Gourm    .   (no shield)
rNeg     . . .     Faith    .   (armour unavailable)
rPois    .         Spirit   .   (helmet restricted)
rElec    .         Reflect  .   j - +0 cloak
rCorr    .         Harm     .   (no gloves)
MR       .....                  (no boots)
Stlth    ++........             (no amulet)
HPRegen  0.24/turn              s - ring of stealth
MPRegen  0.19/turn              o - ring of magical power

@: lethally poisoned (-6 -> -12), slowed, very slow
A: breathe frost, unfitting armour, cold resistance 1, cold-blooded, AC +7
a: Breathe Frost, Upheaval, Elemental Force, Renounce Religion


You were on level 9 of the Dungeon.
You worshipped Qazlal.
Qazlal was most pleased with you.
You were not hungry.

You visited 2 branches of the dungeon, and saw 10 of its levels.

You collected 528 gold pieces.
You spent 189 gold pieces at shops.

Inventory:

Hand Weapons
 y - a +0 war axe of freezing (weapon)
 F - a +0 broad axe
Missiles
 b - 180 stones (quivered)
 m - a throwing net
Armour
 j - a +0 cloak (worn)
Jewellery
 o - a ring of magical power (right hand)
 s - a ring of stealth (left hand)
Wands
 e - a wand of random effects (21)
 n - a wand of clouds (7)
 p - a wand of flame (16)
 z - a wand of iceblast (11)
 A - a wand of paralysis (9)
Scrolls
 d - a scroll of fog
 g - 2 scrolls of remove curse
 h - a scroll of identify
 q - 3 scrolls of teleportation
 r - a scroll of fear
 u - 2 scrolls of amnesia
 v - a scroll of enchant weapon {unknown}
 C - a scroll of enchant armour {unknown}
 E - a scroll of torment {unknown}
 G - a scroll of silence {unknown}
Potions
 a - a potion of ambrosia
 f - 2 potions of might
 i - 3 potions of curing
 k - 2 potions of flight
 l - a potion of cancellation
 w - a potion of lignification
 x - a potion of brilliance
 B - a potion of heal wounds
 D - a potion of magic
Comestibles
 c - 21 rations


   Skills:
 - Level 7.0 Fighting
 + Level 11.0 Axes
 - Level 6.0 Dodging
 - Level 4.0 Spellcasting
 - Level 3.5 Charms
 + Level 4.2 Invocations


You had 4 spell levels left.
You knew the following spells:

 Your Spells              Type           Power        Failure   Level  Hunger
a - Infusion              Chrm           ###.         3%          1    None
b - Shroud of Golubria    Chrm/Tloc      #.........   12%         2    ##.....
c - Spectral Weapon       Hex/Chrm       #.......     22%         3    ###....
d - Song of Slaying       Chrm           ###.....     5%          2    ##.....
e - Regeneration          Chrm/Necr      #.........   22%         3    ###....
f - Blink                 Tloc           N/A          24%         2    ##.....

Your spell library contained the following spells:

 Spells                   Type           Power        Failure   Level  Hunger
 Magic Dart               Conj           #...         16%         1    None
 Sting                    Conj/Pois      #...         16%         1    None
 Call Imp                 Summ           #.......     24%         2    ##.....
 Poisonous Vapours        Pois/Air       #.....       24%         2    ##.....
 Slow                     Hex            #.......     24%         2    ##.....
 Conjure Flame            Conj/Fire      #.......     43%         3    ###....
 Mephitic Cloud           Conj/Pois/Air  #.......     43%         3    ###....
 Olgreb's Toxic Radiance  Pois           #.......     83%         4    ####...
 Venom Bolt               Conj/Pois      #.........   99%         5    ######.


Dungeon Overview and Level Annotations

Branches:
Dungeon (9/15)             Temple (1/1) D:4            Lair (0/6) D:8
    Orc (0/2) D:9

Altars:
Ashenzari
Dithmenos
Hepliaklqana
Makhleb
Okawaru
Qazlal
Sif Muna
Uskayaw
Vehumet
Wu Jian
Zin

Shops:
D:5 ??(

Annotations:
D:5 1 runed translucent door, Crazy Yiuf
D:7 exclusion: door
D:8 2 runed translucent doors, gohu's ghost, novice TrMo
D:9 Erica


Innate Abilities, Weirdness & Mutations

You can breathe waves of freezing cold.
You can buffet flying creatures when you breathe cold.
Your icy white scales are hard. (AC +7)
You cannot fit into any form of body armour.
Your flesh is cold resistant. (rC+)
You are cold-blooded and may be slowed by cold attacks.


Message History

A yak and a hippogriff come into view.
The hippogriff screeches!
You hear a bellow! x2
Erica hits you with a +0 scimitar of flaming!
Erica burns you.
Erica casts a spell.
Erica flickers and vanishes!
Deactivating autopickup; reactivate with Ctrl-A.
The adder bites you but does no damage.
You hear some strange, mumbled words.
An orb of energy appears from out of thin air!
The orb of energy hits the adder!
The adder dies!
The orb of energy explodes!
The mystic blast hits you!!
* * * LOW HITPOINT WARNING * * *
You feel yourself slow down.
You hear some strange, mumbled words.
A bolt of poison appears from out of thin air!
The bolt of poison hits you!!
You are poisoned.
You die...

....#..#........# ...#>#
....(............ .....
.....(..........#.....
...(.........#..#.... #
..!....(....##...... ##.#
.......).))).##.# .##...#
.........)......##....#
.........<(..○)))....#.##
#........>[(.@).))......#
#.......[..))..○.......##
#...#....#......##{......
#####....###....# ...#...
##..###...#.H....# .#
...###....#..Y..H.. #
.... ....#####.[.Y...
.....$##. #....... .. ..
......#


You could see a hippogriff and a yak.

Vanquished Creatures
  Pikel (D:4)
  2 hippogriffs
  A warg (D:8)
  Edmund (D:4)
  2 slaves (D:4)
  A black bear (D:7)
  An ice beast (D:7)
  3 sky beasts
  5 orc warriors
  A necrophage (D:6)
  5 ogres
  A centaur (D:9)
  Blork the orc (D:5)
  4 bullfrogs
  A gnoll sergeant (D:9)
  A water moccasin skeleton (D:5)
  A scorpion (D:6)
  5 killer bees (D:8)
  3 electric eels (D:7)
  4 crimson imps
  A centaur zombie (D:9)
  2 bullfrog zombies (D:5)
  A quasit (D:9)
  A jelly (D:6)
  7 orc priests
  5 hounds
  15 orc wizards
  3 bullfrog skeletons
  A centaur skeleton (D:6)
  Ijyb (D:3)
  2 iguanas (D:7)
  5 worker ants
  A killer bee zombie (D:6)
  3 ogre zombies (D:9)
  A hound skeleton (D:4)
  A worker ant zombie (D:5)
  3 adders
  6 gnolls
  2 shadow imps (D:8)
  4 adder skeletons
  2 worms (D:2)
  3 dart slugs
  5 leopard geckos
  45 orcs
  3 giant cockroaches
  9 goblins
  8 hobgoblins
  11 jackals
  5 ball pythons
  8 bats
  4 frilled lizards
  2 goblin zombies (D:9)
  A hobgoblin skeleton (D:9)
  A hobgoblin zombie (D:9)
  2 jackal skeletons
  A jackal zombie (D:5)
  7 kobolds
  A leopard gecko zombie (D:5)
  An orc skeleton (D:9)
  7 orc zombies (D:9)
  3 quokka skeletons
  2 rats (D:3)
  A spectral weapon (D:7)
241 creatures vanquished.

Vanquished Creatures (others)
  An adder (D:9)
  2 plants (D:7)
  4 spectral weapons
7 creatures vanquished.

Grand Total: 248 creatures vanquished

Notes
Turn   | Place    | Note
-------+----------+-------------------------------------------
     0 | D:1      | t4s4d4r the Draconian Skald began the quest for the Orb.
     0 | D:1      | Reached XP level 1. HP: 17/17 MP: 3/3
   126 | D:1      | Reached XP level 2. HP: 10/24 MP: 5/5
   428 | D:1      | Reached skill level 3 in Axes
  1195 | D:2      | Reached XP level 3. HP: 29/29 MP: 6/6
  1575 | D:2      | Reached skill level 4 in Axes
  1842 | D:2      | Learned a level 2 spell: Shroud of Golubria
  1846 | D:2      | Learned a level 3 spell: Spectral Weapon
  1912 | D:3      | Found a burning altar of Makhleb.
  1914 | D:3      | Found a glowing silver altar of Zin.
  1919 | D:3      | Found an iron altar of Okawaru.
  1966 | D:3      | Found a shadowy altar of Dithmenos.
  1966 | D:3      | Found a hazy altar of Hepliaklqana.
  1994 | D:3      | Noticed Ijyb
  2024 | D:3      | Killed Ijyb
  2024 | D:3      | Reached XP level 4. HP: 30/36 MP: 7/7
  2689 | D:3      | Reached skill level 5 in Axes
  3005 | D:3      | Found a shattered altar of Ashenzari.
  3167 | D:4      | Reached XP level 5. HP: 25/41 MP: 8/8
  3751 | D:4      | Learned a level 2 spell: Song of Slaying
  3772 | D:4      | Reached skill level 6 in Axes
  3884 | D:4      | Noticed Edmund
  3892 | D:4      | Killed Edmund
  3892 | D:4      | Reached XP level 6. HP: 48/48 MP: 0/9
  3915 | D:4      | Found a staircase to the Ecumenical Temple.
  3945 | Temple   | Entered the Ecumenical Temple
  3962 | Temple   | Became a worshipper of Qazlal Stormbringer
  4197 | D:5      | Entered Level 5 of the Dungeon
  4197 | D:5      | Noticed Blork the orc
  4291 | D:5      | Found Hutaacwo's Magic Scroll Shoppe.
  4373 | D:4      | Reached skill level 7 in Axes
  4563 | D:5      | Bought a scroll of teleportation for 42 gold pieces
  4563 | D:5      | Bought a scroll of fear for 49 gold pieces
  4563 | D:5      | Bought a scroll of teleportation for 42 gold pieces
  4563 | D:5      | Bought a scroll of identify for 28 gold pieces
  4563 | D:5      | Bought a scroll of identify for 28 gold pieces
  4892 | D:5      | Noticed a slave
  4892 | D:5      | Noticed a slave
  4892 | D:5      | Noticed a slave
  4893 | D:5      | Noticed Pikel
  4893 | D:5      | Noticed a slave
  4953 | D:4      | Killed a slave
  4958 | D:4      | Killed a slave
  5044 | D:4      | Killed Pikel
  5044 | D:4      | Reached skill level 9 in Axes
  5044 | D:4      | Your scales start taking on an icy white colour.
  5044 | D:4      | Reached XP level 7. HP: 6/55 MP: 4/10
  5044 | D:4      | Gained mutation: Your flesh is cold resistant. (rC+) [White
                  | Draconian growth]
  5346 | D:5      | Reached XP level 8. HP: 62/62 MP: 8/11
  5396 | D:5      | Found Gaodgh's Magic Scroll Shop.
  5477 | D:5      | Found Taam Xeh's Weapon Shoppe.
  5506 | D:5      | Found a runed translucent door.
  5507 | D:5      | Noticed Crazy Yiuf
  5773 | D:5      | Killed Blork the orc
  6048 | D:6      | Learned a level 3 spell: Regeneration
  6658 | D:6      | Found a radiant altar of Vehumet.
  6906 | D:6      | Reached skill level 5 in Fighting
  7582 | D:7      | Noticed a hippogriff
  7590 | D:6      | Killed a hippogriff
  7590 | D:6      | Reached skill level 5 in Dodging
  7706 | D:7      | Found an ornate altar of the Wu Jian Council.
  7793 | D:6      | Reached * piety under Qazlal
  7793 | D:6      | Reached XP level 9. HP: 29/74 MP: 12/12
  9020 | D:7      | Found a deep blue altar of Sif Muna.
  9696 | D:7      | Reached skill level 10 in Axes
  9991 | D:8      | Reached ** piety under Qazlal
 10116 | D:8      | Learned a level 2 spell: Blink
 10621 | D:8      | Reached skill level 1 in Invocations
 10689 | D:8      | Reached XP level 10. HP: 76/85 MP: 16/16
 10854 | D:8      | Found a staircase to the Lair.
 11083 | D:8      | Found a large runed translucent door.
 11083 | D:8      | Found a large runed translucent door.
 11084 | D:8      | Noticed gohu's ghost (novice TrMo)
 11673 | D:9      | Found a staircase to the Orcish Mines.
 11673 | D:9      | Noticed Erica
 11957 | D:9      | Reached skill level 11 in Axes
 12061 | D:9      | Reached *** piety under Qazlal
 12072 | D:9      | Killed from afar by Erica

Skill      XL: |  1  2  3  4  5  6  7  8  9 10 |
---------------+-------------------------------+-----
Axes           | 3 4 5 6 9 10 11 | 11.0
Fighting       | 6 7 |  7.0
Dodging        | 5 6 |  6.0
Charms         | 3 |  3.5
Spellcasting   | 4 |  4.0
Invocations    | 1 4 |  4.2

Action                   |  1- 3 |  4- 6 |  7- 9 | 10-12 || total
-------------------------+-------+-------+-------+-------++-------
Melee: Hand axe          |   168 |    62 |       |       ||   230
       Tailslap          |    17 |    14 |    32 |    10 ||    73
       War axe           |       |   121 |   315 |   134 ||   570
Throw: Stone             |       |       |     1 |       ||     1
 Cast: Infusion          |     3 |     1 |    10 |       ||    14
       Spectral Weapon   |       |     5 |    16 |     2 ||    23
       Shroud of Golubri |       |     2 |     2 |       ||     4
       Regeneration      |       |       |     1 |       ||     1
Invok: Upheaval          |       |       |       |     2 ||     2
 Abil: Breathe Frost     |       |       |     5 |     1 ||     6
Evoke: Wand              |       |     1 |     7 |       ||     8
  Use: Scroll            |     2 |     5 |     7 |     2 ||    16
       Potion            |       |     2 |       |       ||     2
 Stab: Confused          |       |     1 |       |       ||     1
       Sleeping          |       |     1 |       |       ||     1
       Distracted        |       |       |     1 |       ||     1
  Eat: Chunk             |     4 |    10 |    23 |     5 ||    42
Armor: Skin              |    66 |    74 |    90 |    45 ||   275
Dodge: Dodged            |   121 |   128 |   179 |   104 ||   532
Block: Other             |       |       |     6 |    19 ||    25
